 Dungeon Crawl Stone Soup version 0.26.0-10-g1f06aea511 (webtiles) character file.

Game seed: 9057079056252606544

79 Borgoz the Skirmisher (level 4, -4/40 HPs)
             Began as a Ghoul Monk on Jan 15, 2021.
             Slain by a gnoll
             ... wielding a +0 spear
              (9 damage)
             ... on level 2 of the Dungeon.
             The game lasted 00:02:52 (1628 turns).

Borgoz the Skirmisher (Ghoul Monk)                  Turns: 1628, Time: 00:02:53

Health: -4/40      AC:  4    Str: 14    XL:     4   Next: 38%
Magic:  3/3        EV: 12    Int:  5    God:
Gold:   94         SH:  0    Dex: 12    Spells: 3/3 levels left

rFire    . . .     SeeInvis .   a - +0 falchion
rCold    + . .     Faith    .   (no shield)
rNeg     + + +     Spirit   .   g - +0 leather armour
rPois    ∞         Reflect  .   c - +0 helmet
rElec    .         Harm     .   (no cloak)
rCorr    .         Rampage  .   (no gloves)
Will     .....                  (no boots)
Stlth    ++........             (no amulet)
HPRegen  0.00/turn              (no ring)
MPRegen  0.08/turn              (no ring)

@: no status effects
A: claws 1, cold resistance 1, negative energy resistance 3, inhibited
regeneration, torment resistance, unbreathing
a: no special abilities


You were on level 2 of the Dungeon.
You visited 1 branch of the dungeon, and saw 2 of its levels.

You collected 94 gold pieces.

Inventory:

Hand Weapons
 a - a +0 falchion (weapon)
Armour
 c - a +0 helmet (worn)
 g - a +0 leather armour (worn)
Scrolls
 e - a scroll of noise {unknown}
 f - a scroll of teleportation {unknown}
 h - 2 scrolls of enchant weapon {unknown}
 j - a scroll of enchant armour
 k - 3 scrolls of remove curse {unknown}
 l - a scroll of magic mapping {unknown}
 m - 3 scrolls of blinking {unknown}


   Skills:
 + Level 3.8 Fighting
 * Level 3.6 Long Blades
 + Level 1.2 Armour
 + Level 3.1 Dodging
 - Level 2.1 Stealth


You had 3 spell levels left.
You didn't know any spells.
Your spell library was empty.

Dungeon Overview and Level Annotations

Branches:
Dungeon (2/15)

Altars:


Innate Abilities, Weirdness & Mutations

You thrive by killing the living.
You are immune to poison.
You have sharp fingernails.
Your flesh is cold resistant. (rC+)
You are immune to negative energy. (rN+++)
You do not regenerate when monsters are visible.
You are immune to unholy pain and torment.
You can survive without breathing.


Message History

You barely miss the gnoll.
The gnoll is moderately wounded.
The adder bites you. The gnoll barely misses you. The adder barely misses you.
The gnoll misses you. The adder closely misses you.
The gnoll throws a throwing net.
The throwing net hits you.
You become entangled in the net!
You see here a throwing net.
You tear a large gash into the net.
The adder bites you. The gnoll barely misses you.
You struggle against the net.
The adder bites you.
* * * LOW HITPOINT WARNING * * *
The gnoll hits you but does no damage.
The gnoll hits you from afar with a +0 halberd.
* * * LOW HITPOINT WARNING * * *
The adder bites you.
* * * LOW HITPOINT WARNING * * *
You rip the net and break free!
The gnoll hits you from afar with a +0 spear!
You die...

####...## ........######
........>....##
........#.#.#.###########
#.w.....###...†......#
####)).#.#.#########.#
##.$wgg##.##########.#
#....S###(........##.#
#.#.#.@# #########.##.#
........# #.##.#
###.#.#..# #.##.#
##...#.# #...#. ##.##.#
#.##.# #. #.# #.#### #
#.# #.# ..# #########.#
..........#


You could see a worm, 2 gnolls and an adder.

Vanquished Creatures
  A hound (D:2)
  A gnoll (D:2)
  A dart slug (D:1)
  2 ball pythons
  2 giant cockroaches (D:2)
  4 goblins
  4 hobgoblins
  8 jackals
  2 bats (D:1)
  5 frilled lizards
  3 kobolds
  5 rats
38 creatures vanquished.

Notes
Turn   | Place    | Note
-------+----------+-------------------------------------------
     0 | D:1      | Borgoz the Ghoul Monk began the quest for the Orb.
     0 | D:1      | Reached XP level 1. HP: 19/19 MP: 0/0
   133 | D:1      | Reached XP level 2. HP: 26/26 MP: 1/1
  1152 | D:2      | Reached XP level 3. HP: 31/31 MP: 2/2
  1334 | D:2      | Reached skill level 1 in Armour
  1334 | D:2      | Reached XP level 4. HP: 34/40 MP: 3/3
  1628 | D:2      | Slain by a gnoll

Illustrated notes

Levels and vault maps discovered:
D:1:      saegor_arrival_simple_b, layout_basic, serial_rivers,
          chequers_serial_rivers_micro_c, chequers_serial_rivers_small_a,
          chequers_serial_rivers_small_b, chequers_serial_rivers_large_a,
          chequers_serial_rivers_room_a, chequers_serial_rivers_room_b,
          minmay_pentomino_z2
D:2:      layout_loops_ring

Skill      XL: |  1  2  3 |
---------------+----------+-----
Long Blades    | 3 |  3.6
Armour         | 1 |  1.2
Dodging        | 3 |  3.1
Fighting       | |  3.8
Stealth        | |  2.1

Action                   |  1- 3 |  4- 6 || total
-------------------------+-------+-------++-------
Melee: Falchion          |   116 |    32 ||   148
  Use: Potion            |     1 |     3 ||     4
       Scroll            |     3 |       ||     3
 Stab: Sleeping          |     3 |       ||     3
       Distracted        |       |     1 ||     1
Armor: Robe              |    11 |       ||    11
       Leather armour    |    23 |    16 ||    39
Dodge: Dodged            |    79 |    63 ||   142
       Rpst.: Falchion   |    28 |    13 ||    41
